 Dungeon Crawl Stone Soup version 0.24-a0-176-gc3651c4 (webtiles) character file.

Game seed: 5202935922810749413

228 Ijustatesigmund the Magician (level 6, -2/35 HPs)
             Began as an Octopode Wizard on Mar 12, 2019.
             Slain by an adder zombie (3 damage)
             ... on level 4 of the Dungeon.
             The game lasted 00:16:04 (4559 turns).

Ijustatesigmund the Magician (Octopode Wizard)      Turns: 4559, Time: 00:16:05

Health: -2/35      AC:  1    Str:  6    XL:     6   Next: 2%
Magic:  11/20      EV: 13    Int: 20    God:
Gold:   82         SH:  4    Dex: 13    Spells: 6/12 levels left

rFire    . . .     SeeInvis .   f - +4 dagger
rCold    . . .     Gourm    .   (no shield)
rNeg     . . .     Faith    .   a - +0 hat
rPois    .         Spirit   .   (no amulet)
rElec    .         Reflect  .   e - ring of wizardry
rCorr    .         Harm     .   k - ring of magical power
MR       .....     Rnd*Rage +   (no ring)
Stlth    ++++......             (no ring)
HPRegen  0.11/turn              (no ring)
MPRegen  0.17/turn              (no ring)
                                (no ring)
                                (no ring)

@: lethally poisoned (-2 -> -4), very slightly contaminated
A: almost no armour, stealthy swim, amphibious, 8 rings, constrict 8, large bone
plates 1, camouflage 2, berserk 1, frail 1, wild magic 1, gelatinous body 1
a: no special abilities


You were on level 4 of the Dungeon.
You were not hungry.

You visited 1 branch of the dungeon, and saw 4 of its levels.
You also visited: Ossuary.

You collected 82 gold pieces.

Inventory:

Hand Weapons
 d - a +0 club
 f - a +4 dagger (weapon)
Missiles
 l - 6 tomahawks (quivered)
Armour
 a - a +0 hat (worn)
Jewellery
 e - a ring of wizardry (left tentacle)
 k - a ring of magical power (right tentacle)
Wands
 b - a wand of paralysis (4)
Scrolls
 g - 2 scrolls of identify
 j - a scroll of remove curse
Potions
 i - a potion of brilliance
Comestibles
 c - 3 rations


   Skills:
 - Level 2.0 Fighting
 + Level 2.2 Maces & Flails
 - Level 2.0 Dodging
 - Level 2.6 Stealth
 + Level 3.7 Spellcasting
 - Level 2.5 Conjurations
   Level 1.0 Summonings
 - Level 2.2 Translocations
 - Level 1.3 Fire Magic


You had 6 spell levels left.
You knew the following spells:

 Your Spells              Type           Power        Failure   Level  Hunger
a - Magic Dart            Conj           ###.         3%          1    None
b - Blink                 Tloc           N/A          4%          2    ##.....
c - Conjure Flame         Conj/Fire      ###.....     11%         3    ###....

Your spell library contained the following spells:

 Spells                   Type           Power        Failure   Level  Hunger
 Call Imp                 Summ           ##......     8%          2    ##.....
 Slow                     Hex            #.......     12%         2    ##.....
 Mephitic Cloud           Conj/Pois/Air  #.......     16%         3    ###....


Dungeon Overview and Level Annotations

Branches:
Dungeon (4/15)             Temple (0/1) D:4

Altars:
Cheibriados
Dithmenos
Gozag
Makhleb
Sif Muna
Xom

Annotations:
D:4 2 runed translucent doors


Innate Abilities, Weirdness & Mutations

You cannot wear most types of armour.
You are very stealthy in the water. (Stealth+)
You are amphibious.
You can wear up to eight rings at the same time.
You can use your tentacles to constrict eight enemies at once.
Your skin blends seamlessly with your surroundings (Stealth++).
Your rubbery body absorbs attacks. (AC +1, EV +1)
You are partially covered in large bone plates. (SH +4)
You tend to lose your temper in combat.
You are frail. (-10% HP)
Your spells are a little harder to cast, but a little more powerful.


Message History

Casting: Magic Dart (safe; 3% risk of failure)
Confirm with . or Enter, or press ? or * to list all spells.
Aiming: Magic Dart (safe; 3% risk of failure)
Press: ? - help, Shift-Dir - straight line, f/p - adder zombie
Aim: an adder zombie (lightly damaged)
The magic dart hits the adder zombie.
The adder zombie is heavily damaged.
Casting: Magic Dart (safe; 3% risk of failure)
Confirm with . or Enter, or press ? or * to list all spells.
Aiming: Magic Dart (safe; 3% risk of failure)
Press: ? - help, Shift-Dir - straight line, f/p - adder zombie
Aim: an adder zombie (heavily damaged)
The magic dart hits the adder zombie.
The adder zombie is severely damaged.
* * * LOW HITPOINT WARNING * * *
You feel sick.
You hit the adder zombie. You grab the adder zombie.
The adder zombie is almost destroyed.
You constrict the adder zombie. The adder zombie bites you.
You die...

....####......#.#.#**,*,*********
......ra..........##*,*,*
.....).####r####..>#*,*,*
.......#*.....*#.#.#*,*,*
###....#.......#...#*,*,*
#....#.......#...#,.#,*
#........_.....#.#.##.#
#....#.......#Z.......#
**####.#.......#@.##.####
,,,,,,.#*..,,,*#..#*,*
******,****,***#.##*,*
*,,,,,,,,,..# *,*
*,,,,,,,,####**,* *** *,,,,,,,,*
*,,,* ,,* ********** *,*** *,**
*,* ,,,* *,*


You could see an adder zombie and a quokka.

Vanquished Creatures
  A bullfrog (D:4)
  An orc wizard (D:4)
  A worker ant (D:4)
  6 adders
  An ooze (D:1)
  A worm (D:2)
  2 dart slugs
  4 orcs (D:4)
  2 ball pythons
  6 giant cockroaches
  A goblin (D:2)
  8 hobgoblins
  2 bats
  4 frilled lizards
  A goblin zombie (Ossuary)
  A jackal zombie (Ossuary)
  4 kobolds
  A quokka skeleton (D:4)
  3 rats
50 creatures vanquished.

Notes
Turn   | Place    | Note
-------+----------+-------------------------------------------
     0 | D:1      | Ijustatesigmund the Octopode Wizard began the quest for the
                  | Orb.
     0 | D:1      | Reached XP level 1. HP: 11/11 MP: 4/4
   210 | D:1      | Reached skill level 1 in Fighting
   210 | D:1      | Reached XP level 2. HP: 18/18 MP: 4/6
   333 | D:1      | Learned a level 2 spell: Blink
   709 | D:1      | Found a shimmering altar of Xom.
  1878 | D:2      | Found a snail-covered altar of Cheibriados.
  2125 | D:2      | Reached XP level 3. HP: 23/23 MP: 3/7
  2300 | D:2      | Learned a level 3 spell: Conjure Flame
  2826 | D:3      | Found a deep blue altar of Sif Muna.
  3054 | D:3      | Reached XP level 4. HP: 19/29 MP: 0/8
  3080 | D:3      | Reached skill level 1 in Fire Magic
  3363 | D:3      | Found a burning altar of Makhleb.
  3368 | D:3      | Found an opulent altar of Gozag.
  3486 | D:3      | Noticed an ice beast
  3541 | D:3      | Gained mutation: Your magical capacity is low. (-10% MP)
                  | [potion of mutation]
  3541 | D:3      | Gained mutation: Your skin blends seamlessly with your
                  | surroundings (Stealth++). [potion of mutation]
  3697 | D:4      | Reached XP level 5. HP: 31/34 MP: 8/8
  3810 | D:4      | Found a staircase to the Ecumenical Temple.
  3895 | D:4      | Reached skill level 1 in Maces & Flails
  4015 | D:4      | Found a sand-covered staircase.
  4020 | Ossuary  | Entered an ossuary
  4320 | D:4      | Reached XP level 6. HP: 20/39 MP: 10/10
  4513 | D:4      | Found a large runed translucent door.
  4513 | D:4      | Found a large runed translucent door.
  4544 | D:4      | Found a shadowy altar of Dithmenos.
  4554 | D:4      | Lost mutation: Your magical capacity is low. (-10% MP)
                  | [potion of mutation]
  4554 | D:4      | Gained mutation: You are frail. (-10% HP) [potion of
                  | mutation]
  4554 | D:4      | Gained mutation: Your spells are a little harder to cast,
                  | but a little more powerful. [potion of mutation]
  4554 | D:4      | Gained mutation: You tend to lose your temper in combat.
                  | [potion of mutation]
  4554 | D:4      | Gained mutation: You are partially covered in large bone
                  | plates. (SH +4) [potion of mutation]
  4555 | D:4      | HP: 1/35 [poisoned by a worker ant]
  4559 | D:4      | Slain by an adder zombie

Levels and vault maps discovered:
D:1:      wander_arrival_lonely_grave, layout_basic, xom_teletrap_fun
D:2:      layout_loops_ring, kennysheep_slug_shrine
D:3:      kennysheep_big_flooded_room, layout_loops_ring, led_sif_pool,
          grunt_temple_overflow_open
D:4:      layout_basic, old_standard_altar, overflow_temple_1_default,
          minmay_temple_entry_enclosed_plants, nicolae_ossuary_entry_plus,
          first_ration, ebering_ghost_disaster_area, kennysheep_generic_room_7
Ossuary:  ossuary_minmay_tomb_2a

Skill      XL: |  1  2  3  4  5 |
---------------+----------------+-----
Fighting       | 1 2 |  2.0
Conjurations   | 2 |  2.5
Translocations | 2 |  2.2
Fire Magic     | 1 |  1.3
Maces & Flails | 2 |  2.2
Dodging        | |  2.0
Stealth        | |  2.6
Spellcasting   | |  3.7
Summonings     | |  1.0

Action                   |  1- 3 |  4- 6 || total
-------------------------+-------+-------++-------
Melee: Club              |     8 |    65 ||    73
       Constrict         |     3 |    14 ||    17
       Tentacles         |       |    11 ||    11
       Dagger            |       |    20 ||    20
 Cast: Magic Dart        |    81 |    48 ||   129
       Conjure Flame     |       |     2 ||     2
       Blink             |       |     5 ||     5
Evoke: Wand              |       |     6 ||     6
  Use: Scroll            |     7 |     5 ||    12
       Potion            |       |     9 ||     9
 Stab: Paralysed         |       |    11 ||    11
       Invisible         |       |     5 ||     5
  Eat: Ration            |     1 |     1 ||     2
       Chunk             |     3 |     3 ||     6
Armor: Skin              |       |    28 ||    28
Dodge: Dodged            |    11 |    53 ||    64

Table legend:
 A = Non-vault XP
 B = Vault XP
 C = Vault XP percentage of total XP
 D = Non-vault monster count
 E = Vault monster count
 F = Vault count percentage of total count
                 A         B        C        D         E       F
            +---------+---------+-------+---------+---------+-------
      Total |     316 |      10 |   3.1 |      45 |       5 |  10.0
            +---------+---------+-------+---------+---------+-------
        D:1 |      20 |       0 |   0.0 |       8 |       0 |   0.0
        D:2 |      44 |       4 |   8.3 |      12 |       1 |   7.7
        D:3 |      47 |       1 |   2.1 |      12 |       1 |   7.7
        D:4 |     205 |       3 |   1.4 |      13 |       1 |   7.1
    Ossuary |       0 |       2 | 100.0 |       0 |       2 | 100.0
            +---------+---------+-------+---------+---------+-------
